AoeStats
← Axolot

Arena

505074510Analyzed
4v4 RM · 24d ago on Sep 7, 2026· 41m 43s· 8 players
Game mode
Random Map
Map size
Large (8 player)
Population
200
Speed
Normal
Resources
Standard
Victory
Conquest
Starting age
Dark Age
Ending age
Imperial Age
RankedLock teamsTeams togetherTeam positionsShared explorationLock speedFull tech treeHidden civsTurbo modeCheats
Victory
Defeat
🇦🇷 Burgundians · Argentina
1488
+12
🇧🇷 Bohemians · Brazil
1467
+13
🇪🇸 Spanish · Spain
1455
+14
🇦🇷 Slavs · Argentina
1439
+14
🇩🇪 Vikings · Germany
1440
-15
🇩🇪 Mongols · Germany
1404
-13
🇩🇪 Persians · Germany
1397
-13
🇩🇪 Hindustanis · Germany
1366
-12
Axolot
6:34 Loom
6:37 Loom
8:51 Feudal Age
7:10 Loom
9:48 Double-Bit Axe
15:58 Castle Age
14:36 Horse Collar
17:00 Bow Saw
17:10 Heavy Plow
22:33 Wheelbarrow
26:33 Stone Mining
28:31 Gold Mining
33:08 Imperial Age
31:02 Hand Cart
30:40 Town Watch
32:20 Scale Barding Armor
32:26 Forging
33:21 Detinets
34:05 Chain Barding Armor
35:06 Masonry
35:34 Plate Barding Armor
35:35 Iron Casting
34:51 Fletching
36:05 Two-Man Saw
36:40 Hoardings
37:13 Chemistry
37:14 Siege Engineers
36:33 Elite Boyar
37:35 Conscription
38:45 Blast Furnace
39:22 Bloodlines
39:46 Husbandry
41:39 Bodkin Arrow
41:19 Capped Ram
Saraiva
10:47 Feudal Age
15:17 Castle Age
13:33 Horse Collar
15:08 Double-Bit Axe
16:28 Bow Saw
17:11 Fervor
22:08 Wheelbarrow
22:23 Heavy Plow
23:53 Hand Cart
23:25 Town Watch
27:36 Imperial Age
24:53 Loom
25:30 Sanctity
26:23 Chemistry
26:08 Scale Mail Armor
26:18 Forging
26:20 Pikeman
27:02 Squires
28:06 Halberdier
29:25 Chain Mail Armor
30:19 Two-Man Saw
30:09 Conscription
31:34 Plate Mail Armor
31:41 Iron Casting
34:35 Elite Skirmisher
35:06 Fletching
35:16 Padded Archer Armor
36:18 Blast Furnace
35:39 Ballistics
35:35 Siege Engineers
36:11 Bodkin Arrow
36:28 Houfnice
39:14 Bracer
39:29 Leather Archer Armor
41:35 Ring Archer Armor
MTC
10:30 Feudal Age
14:27 Castle Age
12:14 Loom
12:57 Double-Bit Axe
24:49 Wheelbarrow
24:09 Horse Collar
26:52 Bow Saw
26:46 Gold Mining
27:53 Fletching
29:08 Stone Mining
29:25 Heavy Plow
30:35 Padded Archer Armor
36:00 Imperial Age
34:55 Leather Archer Armor
36:02 Bloodlines
35:53 Husbandry
37:57 Chemistry
38:25 Ring Archer Armor
38:54 Bodkin Arrow
39:08 Elite Conquistador
Dino_Mate
5:32 Double-Bit Axe
11:27 Feudal Age
10:40 Horse Collar
15:41 Castle Age
14:47 Scale Mail Armor
16:15 Forging
17:32 Chain Mail Armor
17:56 Town Watch
20:18 Squires
20:23 Loom
21:00 Bow Saw
21:25 Arson
23:40 Wheelbarrow
24:10 Iron Casting
29:17 Stone Mining
29:20 Gold Mining
30:26 Fortified Wall
31:11 Heavy Plow
35:44 Imperial Age
34:26 Stone Shaft Mining
35:02 Padded Archer Armor
36:17 Leather Archer Armor
36:37 Hand Cart
37:29 Chemistry
37:32 Conscription
37:18 Burgundian Vineyards
41:03 Capped Ram
KIV.Theo
7:08 Loom
11:34 Feudal Age
12:20 Double-Bit Axe
12:54 Horse Collar
15:17 Castle Age
15:28 Fletching
18:32 Bow Saw
20:08 Bodkin Arrow
22:09 Wheelbarrow
22:58 Gold Mining
24:57 Heavy Plow
25:58 Ballistics
27:52 Gold Shaft Mining
31:04 Imperial Age
29:32 Masonry
31:50 Bracer
32:49 Bloodlines
32:39 Husbandry
33:40 Padded Archer Armor
34:45 Chemistry
35:10 Fortified Wall
36:08 Thumb Ring
KIV.Locksley
11:41 Feudal Age
15:22 Castle Age
13:33 Double-Bit Axe
14:15 Horse Collar
16:52 Bow Saw
17:08 Heavy Plow
16:58 Loom
20:49 Stone Mining
20:54 Gold Mining
26:43 Wheelbarrow
30:11 Imperial Age
28:30 Bloodlines
27:46 Light Cavalry
28:44 Padded Archer Armor
29:01 Masonry
29:27 Hand Cart
29:00 Town Watch
29:54 Scale Barding Armor
30:00 Forging
30:14 Husbandry
31:02 Leather Archer Armor
31:59 Chemistry
30:26 Hussar
31:33 Chain Barding Armor
32:59 Iron Casting
34:54 Shatagni
34:47 Elite Skirmisher
40:39 Ballistics
41:37 Hoardings
41:22 Conscription
40:56 Fletching
41:36 Ring Archer Armor
41:08 Scale Mail Armor
42:08 Blast Furnace
KIV.4dd44
10:40 Feudal Age
14:21 Castle Age
12:11 Horse Collar
13:53 Double-Bit Axe
15:18 Bow Saw
15:10 Heavy Plow
21:56 Loom
22:19 Gold Mining
22:10 Crossbowman
22:41 Fletching
34:01 Loom
KIV.Käpsele
10:16 Feudal Age
14:23 Castle Age
12:36 Double-Bit Axe
12:40 Horse Collar
15:27 Bow Saw
21:24 Wheelbarrow
21:06 Scale Barding Armor
22:52 Gold Mining
24:00 Heavy Plow
27:48 Imperial Age
25:33 Hand Cart
26:12 Loom
26:13 Town Watch
29:43 Chemistry
28:59 Stone Mining
29:28 Padded Archer Armor
29:36 Caravan
30:25 Leather Archer Armor
30:37 Town Patrol
30:34 Light Cavalry
31:25 Bloodlines
31:42 Chain Barding Armor
31:32 Forging
32:18 Hussar
35:01 Conscription
34:59 Husbandry
35:59 Gold Shaft Mining
40:50 Heavy Camel Rider
Connection lost

Rejoining the realm…

Still unreachable

The connection could not be restored.

Session expired

The server has moved on; the page needs a fresh start.